AoeStats
← Abacaxi de Marataízes ^_~

Black Forest

504820281Analyzed
4v4 RM · 26d ago on Sep 6, 2026· 44m 14s· 8 players
Game mode
Random Map
Map size
Large (8 player)
Population
200
Speed
Normal
Resources
Standard
Victory
Conquest
Starting age
Dark Age
Ending age
Imperial Age
RankedLock teamsTeams togetherTeam positionsShared explorationLock speedFull tech treeHidden civsTurbo modeCheats
Victory
Defeat
🇲🇽 Bohemians · Mexico
864
+12
🇧🇷 Lithuanians · Brazil
814
+14
🇲🇽 Franks · Mexico
803
+14
🇧🇷 Inca · Brazil
798
+15
🇪🇸 Bohemians · Spain
886
-18
🇪🇸 Spanish · Spain
855
-17
🇪🇸 Britons · Spain
675
-10
🇪🇸 Poles · Spain
663
-23
VicRoldanG
0:33 Loom
15:21 Feudal Age
15:47 Double-Bit Axe
16:40 Wheelbarrow
16:19 Horse Collar
16:29 Fishing Lines
22:32 Horse Collar
25:04 Castle Age
22:58 Fletching
23:13 Padded Archer Armor
25:06 Forging
25:04 Scale Mail Armor
25:09 Scale Barding Armor
26:04 Bodkin Arrow
26:29 Hand Cart
26:27 Bow Saw
27:38 Town Watch
28:32 Heavy Plow
32:22 Coinage
34:05 Ballistics
33:29 Treadmill Crane
34:50 Chemistry
33:47 Murder Holes
34:28 Masonry
34:29 Fortified Wall
38:25 Imperial Age
36:51 Chain Barding Armor
38:24 Gillnets
40:19 Chain Mail Armor
40:20 Leather Archer Armor
40:06 Bracer
40:41 Iron Casting
40:57 Guilds
41:17 Banking
40:48 Caravan
41:10 Wagenburg Tactics
41:26 Conscription
41:58 Houfnice
43:02 Siege Engineers
rick_m94
0:33 Loom
13:00 Feudal Age
14:59 Double-Bit Axe
21:45 Castle Age
20:20 Gold Mining
22:44 Wheelbarrow
23:48 Wheelbarrow
27:02 Hand Cart
27:30 Husbandry
27:37 Scale Barding Armor
31:57 Imperial Age
29:45 Bow Saw
30:20 Stone Mining
30:52 Chain Barding Armor
30:47 Forging
31:56 Town Watch
33:12 Iron Casting
33:06 Town Patrol
33:55 Cavalier
35:31 Gold Shaft Mining
35:03 Chivalry
35:23 Conscription
34:28 Elite Skirmisher
34:55 Gambesons
35:10 Squires
34:31 Pikeman
36:14 Blast Furnace
35:51 Plate Barding Armor
36:51 Paladin
39:36 Ballistics
39:18 Padded Archer Armor
39:09 Fletching
39:19 Murder Holes
41:08 Bodkin Arrow
41:28 Leather Archer Armor
41:14 Scale Mail Armor
40:49 Halberdier
43:24 Chain Mail Armor
43:25 Leather Archer Armor
RENAN
0:27 Loom
12:58 Feudal Age
20:03 Castle Age
18:19 Stone Mining
18:22 Gold Mining
21:01 Double-Bit Axe
23:43 Horse Collar
25:55 Stone Shaft Mining
26:31 Bow Saw
27:04 Wheelbarrow
26:56 Town Watch
30:39 Imperial Age
29:41 Heavy Plow
31:06 Hand Cart
31:38 Capped Ram
33:28 Two-Man Saw
32:52 Hand Cart
33:21 Forging
33:16 Scale Barding Armor
33:57 Fishing Lines
34:38 Town Patrol
35:24 Bloodlines
37:04 Iron Casting
36:49 Chain Barding Armor
39:53 Plate Barding Armor
41:17 Gillnets
42:02 Crop Rotation
41:55 Conscription
42:17 Fletching
41:54 Elite Leitis
Abacaxi de Marataízes ^_~
1:31 Loom
15:11 Feudal Age
16:34 Double-Bit Axe
19:14 Horse Collar
21:19 Fletching
23:59 Castle Age
23:10 Stone Mining
23:11 Gold Mining
25:07 Bodkin Arrow
25:38 Bow Saw
25:35 Heavy Plow
27:48 Bow Saw
36:23 Imperial Age
35:22 Padded Archer Armor
36:08 Gold Shaft Mining
36:18 Andean Sling
36:39 Leather Archer Armor
37:11 Stone Shaft Mining
37:12 Town Watch
38:18 Crop Rotation
39:50 Bracer
41:32 Chemistry
42:57 Masonry
43:21 Ring Archer Armor
44:55 Forging
44:47 Scale Mail Armor
44:49 Fabric Shields
sandrusquids
2:46 Loom
16:04 Feudal Age
22:06 Fletching
25:10 Castle Age
24:38 Wheelbarrow
24:43 Double-Bit Axe
27:37 Bodkin Arrow
30:43 Chemistry
29:39 Murder Holes
29:56 Fortified Wall
30:47 Hand Cart
30:17 Man-at-Arms
30:57 Squires
30:43 Arson
33:52 Bow Saw
34:58 Pikeman
37:25 Ballistics
41:32 Imperial Age
39:27 Scale Mail Armor
39:38 Forging
39:29 Padded Archer Armor
39:35 Scale Barding Armor
39:18 Treadmill Crane
40:58 Chain Mail Armor
40:59 Caravan
42:24 Halberdier
44:04 Bracer
Borrasca
6:10 Loom
14:25 Feudal Age
15:06 Double-Bit Axe
15:31 Horse Collar
17:00 Gold Mining
18:29 Fletching
20:10 Padded Archer Armor
21:27 Wheelbarrow
24:44 Scale Mail Armor
24:38 Town Watch
27:29 Castle Age
26:09 Stone Mining
28:32 Bow Saw
28:25 Heavy Plow
27:49 Crossbowman
28:28 Bodkin Arrow
30:30 Leather Archer Armor
32:09 Hand Cart
31:59 Town Patrol
35:35 Ballistics
37:53 Fervor
38:18 Yeomen
43:36 Imperial Age
Secutor
0:29 Loom
15:12 Feudal Age
22:49 Castle Age
20:36 Town Watch
21:11 Stone Mining
21:16 Double-Bit Axe
23:01 Fishing Lines
23:41 Bow Saw
24:27 Forging
26:39 Gold Mining
29:57 Gillnets
34:12 Imperial Age
32:18 Wheelbarrow
31:45 Horse Collar
33:01 Scale Barding Armor
33:31 Iron Casting
34:42 Scale Mail Armor
34:07 Pikeman
35:47 Bloodlines
39:03 Blast Furnace
crismercury13
3:34 Loom
15:45 Feudal Age
17:12 Wheelbarrow
16:23 Horse Collar
19:22 Town Watch
19:29 Double-Bit Axe
28:55 Gold Mining
32:56 Castle Age
35:25 Hand Cart
35:11 Town Patrol
35:26 Bow Saw
35:19 Heavy Plow
35:25 Caravan
35:59 Stone Mining
38:33 Stone Shaft Mining
38:43 Crossbowman
39:33 Thumb Ring
38:50 Elite Skirmisher
Connection lost

Rejoining the realm…

Still unreachable

The connection could not be restored.

Session expired

The server has moved on; the page needs a fresh start.